 Dungeon Crawl Stone Soup version 0.24-a0-201-gf205589 (webtiles) character file.

Game seed: 10252069230936700488

23 Borgoz the Cutter (level 3, -2/22 HPs)
             Began as a Gargoyle Gladiator on Mar 25, 2019.
             Slain by a goblin (5 damage)
             ... led by Robin
             ... on level 2 of the Dungeon.
             The game lasted 00:01:05 (1138 turns).

Borgoz the Cutter (Gargoyle Gladiator)              Turns: 1138, Time: 00:01:06

Health: -2/22      AC:  9    Str: 17    XL:     3   Next: 0%
Magic:  3/3        EV: 11    Int:  8    God:
Gold:   11         SH:  0    Dex: 12    Spells: 2/2 levels left

rFire    . . .     SeeInvis .   a - +0 rapier
rCold    . . .     Gourm    .   (no shield)
rNeg     + . .     Faith    .   n - +0 ring mail
rPois    ∞         Spirit   .   c - +0 helmet
rElec    +         Reflect  .   (no cloak)
rCorr    .         Harm     .   (no gloves)
MR       .....                  (no boots)
Stlth    +.........             (no amulet)
HPRegen  0.07/turn              (no ring)
MPRegen  0.08/turn              (no ring)

@: no status effects
A: negative energy resistance 1, electricity resistance, unbreathing,
petrification resistance, rot immunity, AC +3
a: no special abilities


You were on level 2 of the Dungeon.
You were hungry.

You visited 1 branch of the dungeon, and saw 2 of its levels.

You collected 11 gold pieces.

Inventory:

Hand Weapons
 a - a +0 rapier (weapon)
Missiles
 d - 3 throwing nets (quivered)
Armour
 c - a +0 helmet (worn)
 n - a +0 ring mail (worn)
Scrolls
 b - a scroll of fear {unknown}
 g - 2 scrolls of remove curse {unknown}
 h - a scroll of identify {unknown}
 j - a scroll of amnesia {unknown}
 k - a scroll of teleportation {unknown}
 l - a scroll of random uselessness {unknown}
Potions
 e - a potion of mutation {unknown}
 i - a potion of resistance {unknown}
 m - a potion of degeneration {unknown}
Comestibles
 f - 3 rations


   Skills:
 + Level 2.3 Fighting
 * Level 2.9 Short Blades
 + Level 1.9 Throwing
 + Level 0.4 Armour
 * Level 2.7 Dodging
 + Level 0.7 Stealth
 + Level 0.3 Spellcasting


You had 2 spell levels left.
You didn't know any spells.
Your spell library was empty.

Dungeon Overview and Level Annotations

Branches:
Dungeon (2/15)

Altars:

Annotations:
D:2 Robin


Innate Abilities, Weirdness & Mutations

You are resistant to torment.
Your stone body is resilient. (AC +3)
You are immune to poison.
You resist negative energy. (rN+)
You are resistant to electric shocks. (rElec)
You can survive without breathing.
You are immune to petrification.
You are immune to rotting.


Message History

The goblin unwields a +4 dagger.
The goblin wields a +0 hunting sling of freezing.
It is covered in frost.
The goblin shoots a stone.
The stone hits you but does no damage. The goblin misses you.
You see here a stone.
The goblin closely misses you.
The goblin wields a +0 hunting sling.
The goblin shoots a stone.
The stone hits you but does no damage. The goblin misses you.
You see here a stone.
The adder bites you but does no damage. Robin throws the goblin at you!
The goblin barely misses you.
You closely miss the goblin. The goblin hits you.
Robin throws the goblin at you! The goblin barely misses you.
The goblin hits you but does no damage.
You miss the goblin. The goblin hits you but does no damage.
The goblin hits you.
* * * LOW HITPOINT WARNING * * *
The goblin completely misses you.
You closely miss the goblin. The goblin hits you.
You die...

..####g..#.#####
.####.(.......#
..#..........g.####
#.#..####.#g#..#
...........g...#
.......#.#g#g##.#
#..#...#.#.gSg..#
......#.#.#g##.#
........[.g@##.#
.#...#....gg..#
#..........### #
##.....##..# # #.
#.....##..#
##.#.##.........#
.................
.........####...##
##.#..#..'..#...#


You could see Robin, an adder, a hobgoblin and 8 goblins.

Vanquished Creatures
  An ooze (D:1)
  A dart slug (D:1)
  A leopard gecko (D:1)
  2 giant cockroaches (D:1)
  3 goblins (D:1)
  A hobgoblin (D:2)
  4 frilled lizards (D:1)
  2 kobolds (D:1)
  4 rats (D:1)
19 creatures vanquished.

Notes
Turn   | Place    | Note
-------+----------+-------------------------------------------
     0 | D:1      | Borgoz the Gargoyle Gladiator began the quest for the Orb.
     0 | D:1      | Reached XP level 1. HP: 12/12 MP: 1/1
   237 | D:1      | Reached XP level 2. HP: 16/17 MP: 2/2
  1075 | D:2      | Reached XP level 3. HP: 22/22 MP: 3/3
  1121 | D:2      | Noticed Robin
  1138 | D:2      | Slain by a goblin

Levels and vault maps discovered:
D:1:      wander_arrival_fairy_ring, layout_basic
D:2:      layout_basic, minivault_26, minmay_misc_feat_chi, corexii_shack,
          uniq_robin

Action                   || total
-------------------------++-------
Melee: Rapier            ||    64
Armor: Leather armour    ||    16
       Ring mail         ||    17
Dodge: Dodged            ||    45

Table legend:
 A = Non-vault XP
 B = Vault XP
 C = Vault XP percentage of total XP
 D = Non-vault monster count
 E = Vault monster count
 F = Vault count percentage of total count
                 A         B        C        D         E       F
            +---------+---------+-------+---------+---------+-------
      Total |      32 |       2 |   5.9 |      18 |       1 |   5.3
            +---------+---------+-------+---------+---------+-------
        D:1 |      32 |       0 |   0.0 |      18 |       0 |   0.0
        D:2 |       0 |       2 | 100.0 |       0 |       1 | 100.0
            +---------+---------+-------+---------+---------+-------
